 Dungeon Crawl Stone Soup version 0.31.0-4-g52a2dc7128 (webtiles) character file.

Game seed: 8560841321685682248

1189 Aldia the Caller (level 8, -12/39 HPs)
             Began as a Felid Summoner on Jan 22, 2024.
             Shot with an arrow by a centaur (13 damage)
             ... on level 6 of the Dungeon.
             The game lasted 00:15:43 (5474 turns).

Aldia the Caller (Felid Summoner)                   Turns: 5474, Time: 00:15:43

Health: -12/39     AC:  2    Str:  4    XL:     8   Next: 19%
Magic:  9/17       EV: 18    Int: 21    God:
Gold:   330        SH:  0    Dex: 17    Spells: 2/18 levels left
                                        Lives:  0   Deaths: 3

rFire   . . .        (weapon unavailable)
rCold   . . .        (shield unavailable)
rNeg    . . .        (body armour unavailable)
rPois   +            (helmet unavailable)
rElec   .            (cloak unavailable)
rCorr   .            (gloves unavailable)
SInv    +            (boots unavailable)
Will    +....        (no amulet)
Stlth   ++           f - ring of poison resistance
HPRegen 0.26/turn    (no ring)
MPRegen 0.15/turn

%: no passive effects
@: unable to call your familiar
A: very small, claws 1, fangs 3, see invisible, shaggy fur 2, stealthy paws, no
weapons or thrown items, no armour, multi-lived
a: no special abilities


You were on level 6 of the Dungeon.
You visited 1 branch of the dungeon, and saw 7 of its levels.

You collected 330 gold pieces.

Inventory:

Jewellery
 f - a ring of poison resistance (left paw)
 m - a +6 ring of strength
 p - an amulet of regeneration
Wands
 o - a wand of paralysis (13)
Scrolls
 d - 2 scrolls of torment
 n - a scroll of immolation
Potions
 a - 2 potions of magic
 b - 2 potions of curing {unknown}
 c - a potion of attraction
 e - a potion of enlightenment
 h - a potion of might {unknown}
 i - 2 potions of berserk rage
 j - 2 potions of heal wounds
 k - 3 potions of brilliance
 l - a potion of cancellation {unknown}


   Skills:
 + Level 2.1 Fighting
 - Level 3.6 Dodging
 - Level 2.6 Stealth
 + Level 5.6 Spellcasting
 + Level 7.1 Summonings
 * Level 3.5 Fire Magic


You had 2 spell levels left.
You knew the following spells:

 Your Spells              Type           Power      Damage    Failure   Level
a - Summon Small Mammal   Summ           100%       N/A       1%          1
b - Call Imp              Summ           70%        N/A       1%          2
c - Call Canine Familiar  Summ           35%        N/A       1%          3
d - Summon Blazeheart Go  Fire/Summ      28%        N/A       11%         4
e - Summon Lightning Spi  Summ/Air       20%        N/A       24%         4
f - Blink                 Tloc           10%        N/A       16%         2

Your spell library contained the following spells:

 Spells                   Type           Power      Damage    Failure   Level
 Magic Dart               Conj           20%        1d4       10%         1
 Static Discharge         Conj/Air       10%        3-4/arc   16%         2
 Fugue of the Fallen      Necr           5%         N/A       30%         3
 Ozocubu's Armour         Ice            5%         N/A       30%         3
 Airstrike                Air            2%         2d(1-17)  69%         4
 Manifold Assault         Tloc           5%         N/A       69%         4


Dungeon Overview and Level Annotations

Branches:
Dungeon (7/15)
 Temple: D:4-7

Altars:
Elyvilon
Sif Muna
Uskayaw
Wu Jian
The Shining One

Shops:
D:1 [

Annotations:
D:3 2 transporters
D:6 Eustachio


Innate Abilities, Weirdness & Mutations

You have sharp claws.
You have razor-sharp teeth.
You have supernaturally acute eyesight. (SInv)
You are covered in thick fur. (AC +2)
Your paws help you pounce on unaware monsters.
You are incapable of wielding weapons or throwing items.
You cannot wear armour.
You gain extra lives every three experience levels.


Message History

The centaur shoots an arrow.
The arrow hits your quokka.
Your inugami hits the jelly.
Your inugami is burned by acid!
There is a stone staircase leading up here.
The jelly hits your inugami but does no damage.
Your quokka bites the jelly.
Your quokka is burned by acid!
Your quokka dies!
Your quokka's corpse disappears in a puff of smoke!
The centaur shoots an arrow.
The arrow hits your cerulean imp!
Your cerulean imp dies!
Your cerulean imp disappears in a puff of smoke!
Your inugami hits the jelly!
The jelly dies!
The centaur shoots an arrow.
The arrow hits your inugami.
Your quokka barely misses the shadow imp.
The centaur shoots an arrow.
The arrow barely misses your inugami. The arrow misses you.
Casting: Summon Small Mammal (safe; 1% risk of failure)
Confirm with . or Enter, or press ? or * to list all spells.
A tiny devil pulls itself out of the air.
Your quokka closely misses the shadow imp.
The centaur shoots an arrow.
The arrow hits your inugami!
Your inugami dies!
Your inugami disappears in a puff of smoke!
The shadow imp splashes around in the water.
The centaur shoots an arrow.
The arrow misses you.
Your quokka bites the shadow imp but does no damage.
The shadow imp hits your quokka.
The centaur shoots an arrow.
The arrow barely misses you.
Your quokka barely misses the shadow imp.
The centaur shoots an arrow.
The arrow barely misses your cerulean imp.
The arrow hits you!!
* * * LOW HITPOINT WARNING * * *
The shadow imp closely misses your quokka.
Your cerulean imp hits the shadow imp from afar with a -1 spear.
Your quokka bites the shadow imp.
The centaur shoots an arrow.
The arrow hits you!
You die...

?5..@...♣~....~...#
bh§......~~..~~.~.#
#...##...#.~.~...##
######..~~~..~...#
...~~..♣~?..#
#..~≈.≈~≈5~####
#..##..##.r...#
#........5.<.##
.$..c.....@.#
######.#### #. ..
... #..# ###


You could see a centaur, a shadow imp (distracted, ally target), a friendly
cerulean imp (summoned) and a friendly quokka (summoned).

Vanquished Creatures
  An iguana (D:4)
  A dart slug (D:4)
  4 endoplasms
  3 giant cockroaches
  2 goblins (D:2)
  2 hobgoblins
  4 kobolds
  A quokka (D:1)
  3 ball pythons
  2 bats (D:3)
  A frilled lizard (D:3)
  3 rats
27 creatures vanquished.

Vanquished Creatures (collateral kills)
  Grinder (D:3)
  Sigmund (D:3)
  2 water moccasins
  An ogre (D:5)
  A phantom (D:4)
  2 scorpions
  A nameless horror (D:3)
  A hound (D:6)
  A bombardier beetle (D:3)
  2 jellies
  3 sleepcaps
  4 adders
  2 ufetubi (D:6)
  2 ribbon worms
  9 orcs
  4 ball pythons
  2 bats
  5 endoplasms
  A giant cockroach (D:3)
  2 goblins
  3 hobgoblins
  6 jackals
  4 kobolds
  A quokka (D:4)
  A frilled lizard (D:1)
  5 rats
67 creatures vanquished.

Grand Total: 94 creatures vanquished

Notes
Turn   | Place    | Note
-------+----------+-------------------------------------------
     0 | D:1      | Aldia the Felid Summoner began the quest for the Orb.
     0 | D:1      | Reached XP level 1. HP: 9/9 MP: 4/4
   184 | D:1      | Found Saawn's Armour Emporium.
   364 | D:1      | Reached XP level 2. HP: 6/13 MP: 3/6
   369 | D:1      | Learned a level 2 spell: Call Imp
  1304 | D:2      | Reached XP level 3. HP: 13/16 MP: 4/8
  1308 | D:2      | Learned a level 3 spell: Call Canine Familiar
  2058 | D:3      | Reached XP level 4. HP: 21/21 MP: 4/9
  2058 | D:3      | Gained a life (2 lives remaining)
  2104 | D:3      | Found a transporter.
  2167 | D:3      | Noticed a nameless horror
  2379 | D:3      | Found a transporter.
  2409 | D:3      | Incinerated by a bombardier beetle
  2409 | D:3      | Lost a life (1 life remaining)
  2454 | D:3      | Reached skill level 5 in Summonings
  2490 | D:3      | Found a white marble altar of Elyvilon.
  2495 | D:3      | Noticed Grinder
  2509 | D:3      | Paralysed by Grinder for 2 turns
  2525 | D:3      | Killed Grinder
  2526 | D:3      | Reached XP level 5. HP: 16/24 MP: 0/12
  2526 | D:3      | Gained mutation: You are covered in thick fur. (AC +2)
                  | [Felid growth]
  2526 | D:3      | Reached XP level 6. HP: 19/28 MP: 0/13
  2650 | D:3      | Learned a level 4 spell: Summon Blazeheart Golem
  2696 | D:3      | Noticed Sigmund
  2709 | D:3      | Killed Sigmund
  2710 | D:3      | Reached skill level 6 in Summonings
  2710 | D:3      | Reached skill level 1 in Fire Magic
  2962 | D:4      | Learned a level 4 spell: Summon Lightning Spire
  3086 | D:4      | You fall into a shaft and drop 3 floors!
  3137 | D:6      | Reached XP level 7. HP: 26/32 MP: 9/15
  3137 | D:6      | Gained a life (2 lives remaining)
  3152 | D:6      | Reached skill level 5 in Spellcasting
  3183 | D:6      | Noticed Eustachio
  3186 | D:6      | Reached skill level 1 in Fighting
  3250 | D:6      | HP: 1/33 [shadow imp (2)]
  3251 | D:6      | Killed from afar by a shadow imp
  3251 | D:6      | Lost a life (1 life remaining)
  3254 | D:6      | Noticed a two-headed ogre
  3257 | D:6      | Killed from afar by an electric eel
  3257 | D:6      | Lost a life (0 lives remaining)
  3464 | D:5      | Entered Level 5 of the Dungeon
  3919 | D:4      | Found a glowing golden altar of the Shining One.
  3919 | D:4      | Found a shimmering blue altar of Sif Muna.
  4351 | D:4      | Learned a level 2 spell: Blink
  4815 | D:5      | Reached skill level 7 in Summonings
  4815 | D:5      | Reached XP level 8. HP: 21/39 MP: 15/17
  5231 | D:5      | Found an ornate altar of the Wu Jian Council.
  5289 | D:5      | Found a hide-covered altar of Uskayaw.
  5473 | D:6      | HP: 1/39 [centaur/arrow (19)]
  5474 | D:6      | Shot with an arrow by a centaur

Illustrated notes

Levels and vault maps discovered:
D:1:      heliophobic_arrival_battle_scene, layout_loops_ring, serial_shops,
          nicolae_diamond_shop, chequers_serial_rivers_marsh
D:2:      minmay_wonky_spiral, layout_loops_cross
D:3:      gammafunk_wand_slinger, layout_rooms, mainiacjoe_overflow_paths,
          minmay_misc_feat_diagonals, uniq_sigmund, uniq_grinder
D:4:      layout_loops_corners, nicolae_overflow_two_pavilions
D:5:      layout_cave_pools, lemuel_tele_altar, lemuel_coloured_pillars_altar
D:6:      cheibrodos_two_vegetables, layout_gridville, serial_rivers,
          chequers_serial_rivers_small_3, chequers_serial_rivers_small_b,
          chequers_serial_rivers_marsh, chequers_serial_rivers_room_b,
          chequers_serial_rivers_marsh, chequers_serial_rivers_small_b,
          gammafunk_ghost_hive, uniq_eustachio, uniq_edmund
D:7:      layout_cave_pools, nicolae_hepliaklqana_hippocampus,
          minmay_temple_entry_water_ring, serial_shops, kennysheep_mini_moat,
          uniq_pikel

Skill      XL: |  1  2  3  4  5  6  7  8 |
---------------+-------------------------+-----
Spellcasting   | 3 4 5 |  5.6
Summonings     | 5 6 7 |  7.1
Fire Magic     | 1 3 |  3.5
Fighting       | 1 2 |  2.1
Dodging        | 3 |  3.6
Stealth        | |  2.6

Action                     |  1- 3 |  4- 6 |  7- 9 || total
---------------------------+-------+-------+-------++-------
  Melee: Unarmed           |    46 |    41 |    83 ||   170
         Bite              |     3 |     4 |    15 ||    22
         Punch             |       |       |     2 ||     2
   Cast: Summon Small Mamm |    24 |     8 |    25 ||    57
         Call Imp          |    13 |     8 |    16 ||    37
         Call Canine Famil |     2 |     7 |    16 ||    25
    Use: Scroll            |     1 |     2 |     8 ||    11
         Potion            |       |       |     1 ||     1
   Stab: Sleeping          |     5 |     1 |       ||     6
         Distracted        |       |     1 |     1 ||     2
 Armour: Skin              |    16 |    22 |    93 ||   131
  Dodge: Dodged            |    57 |    69 |   193 ||   319
